 Dungeon Sprint DCSS version 0.30.1-9-gdf580d7c3d (webtiles) character file.

Game seed: 5617653760343517578

105 Heoruswealwe the Spear-Bearer (level 4, -2/45 HPs)
             Began as a Minotaur Fighter on Oct 5, 2023.
             Slain by a gnoll sergeant
             ... wielding a +0 spear
              (9 damage)
             ... in the Dungeon (Sprint IX: "|||||||||||||||||||||||||||||").
             The game lasted 00:00:45 (40 turns).

Heoruswealwe the Spear-Bearer (Minotaur Fighter)      Turns: 40, Time: 00:00:46

Health: -2/45      AC:  7    Str: 22    XL:     4   Next: 53%
Magic:  3/3        EV:  9    Int:  5    God:
Gold:   0          SH:  4    Dex: 10    Spells: 3/3 levels left

rFire   . . .        a - +0 trident
rCold   . . .        d - +0 buckler
rNeg    . . .        c - +0 scale mail
rPois   .            (helmet restricted)
rElec   .            (no cloak)
rCorr   .            (no gloves)
SInv    .            (no boots)
Will    .....        (no amulet) Stlth
                     (no ring)
HPRegen 0.27/turn    (no ring)
MPRegen 0.08/turn

%: no teleportation
@: no status effects
A: horns 2, retaliatory headbutt
a: no special abilities


You were in the Dungeon.
You visited 1 branch

Inventory:

Hand Weapons
 a - a +0 trident (weapon)
Armour
 c - a +0 scale mail (worn)
 d - a +0 buckler (worn)
Scrolls
 j - a scroll of blinking
Potions
 b - a potion of might
 e - a potion of curing
 f - a potion of heal wounds
 g - a potion of haste
 i - a potion of berserk rage


   Skills:
 + Level 6.5 Fighting
 * Level 8.0 Polearms
 + Level 6.5 Armour
 - Level 3.6 Shields


You had 3 spell levels left.
You didn't know any spells.
Your spell library was empty.

Dungeon Overview and Level Annotations

Branches:
Dungeon (1/1)

Altars:


Innate Abilities, Weirdness & Mutations

You have a pair of horns on your head.
You reflexively headbutt those who attack you in melee.


Message History

Your Armour skill gained 2 levels and is now at level 6!
You have reached level 2!
You have reached level 3!
Your experience leads to an increase in your attributes!
Increase (S)trength, (I)ntelligence, or (D)exterity?
You feel stronger. x2
You have reached level 4!
You feel agile.
The orc wizard hits you with a +0 dagger.
There is an open door here.
You closely miss the orc wizard.
The orc wizard hits you with a +0 dagger.
You barely miss the orc wizard. You block the orc wizard's attack.
You closely miss the orc wizard. You headbutt the orc wizard.
The orc wizard is moderately wounded.
You block the orc wizard's attack.
You puncture the orc wizard!
The orc wizard is severely wounded.
The orc wizard casts a spell at you. The magic dart hits you.
You barely miss the orc wizard. You headbutt the orc wizard.
You kill the orc wizard!
Your Polearms skill increases to level 8!
You puncture the orc!
You kill the orc!
The gnoll sergeant hits you from afar with a +0 spear!
You block the gnoll sergeant's attack.
Items here: )) [[.
You barely miss the gnoll sergeant.
The gnoll sergeant hits you with a +0 spear!
* * * LOW HITPOINT WARNING * * *
You hit the gnoll sergeant but do no damage.
You headbutt the gnoll sergeant.
The gnoll sergeant is lightly wounded.
The gnoll sergeant hits you with a +0 spear.
* * * LOW HITPOINT WARNING * * *
You hit the gnoll sergeant.
The gnoll sergeant is lightly wounded.
The gnoll sergeant hits you with a +0 spear!
You die... ▓▓▓▓▓▓▓▓▓▓▓▓▓▓▓▓▓▓ +..wg@'....)'.!.<▓ ▓▓▓▓▓▓▓▓▓▓▓▓▓▓▓▓▓▓

You could see a gnoll sergeant and a dart slug.

Vanquished Creatures
  A phantom (D)
  An orc wizard (D)
  An orc (D)
  2 bats (D)
  An endoplasm (D)
  A goblin (D)
  A rat (D)
8 creatures vanquished.

Notes
Turn   | Place    | Note
-------+----------+-------------------------------------------
     0 | D        | Heoruswealwe the Minotaur Fighter began the quest for the
                  | Orb.
     0 | D        | Reached XP level 1. HP: 19/19 MP: 0/0
     8 | D        | Reached skill level 3 in Polearms
    18 | D        | Noticed a gnoll sergeant
    18 | D        | Noticed an orc wizard
    18 | D        | Noticed a phantom
    29 | D        | Killed a phantom
    30 | D        | Reached skill level 7 in Polearms
    30 | D        | Reached XP level 2. HP: 21/30 MP: 1/1
    30 | D        | Reached XP level 3. HP: 26/37 MP: 2/2
    30 | D        | Reached XP level 4. HP: 31/44 MP: 3/3
    36 | D        | Reached skill level 8 in Polearms
    40 | D        | Slain by a gnoll sergeant

Illustrated notes

Levels and vault maps discovered:
D:        linesprint [early_d, line_temple, items_1, d_10, items_2, lair_1,
          lair_end, items_3, orc_1, orc_end, items_4, d_15, swamp_1, shoals_1,
          snake_1, spider_1, d_20, vaults_1, items_5, swamp_end, shoals_end,
          snake_end, spider_end, vaults_end, d_27, items_6, zot_1, zot_end,
          crypt_end, forest_end, elf_end, slime_end, tomb_end, abyss_end,
          pan_hell_end]

Skill      XL: |  1  2  3  4 |
---------------+-------------+-----
Polearms       | 7 8 |  8.0
Fighting       | 6 |  6.5
Armour         | 6 |  6.5
Shields        | |  3.6

Action                     |  1- 3 |  4- 6 || total
---------------------------+-------+-------++-------
  Melee: Trident           |    18 |     9 ||    27
         Headbutt          |     2 |     3 ||     5
 Armour: Scale mail        |     7 |       ||     7
  Dodge: Dodged            |     7 |       ||     7
  Block: Buckler           |     3 |     3 ||     6
